 Dungeon Crawl Stone Soup version 0.22-a0-246-gdc04c06 (webtiles) character file.

105 mhoghedin the Conjurer (level 4, 0/33 HPs)
             Began as a Draconian Conjurer on Feb 22, 2018.
             Slain by galech's ghost (12 damage)
             ... on level 3 of the Dungeon.
             The game lasted 00:04:46 (2284 turns).

mhoghedin the Conjurer (Draconian Conjurer)         Turns: 2284, Time: 00:04:47

Health: 0/33       AC:  6    Str: 10    XL:     4   Next: 53%
Magic:  3/9        EV: 17    Int: 17    God:
Gold:   149        SH:  0    Dex: 16    Spells: 3/9 levels left

rFire    . . .     SeeInvis .   d - +0 short sword
rCold    . . .     Gourm    .   (no shield)
rNeg     . . .     Faith    .   (armour unavailable)
rPois    .         Spirit   .   (helmet restricted)
rElec    .         Reflect  .   k - +0 cloak
rCorr    .         Harm     .   (no gloves)
MR       +....                  (no boots)
Stlth    +++.......             (no amulet)
HPRegen  0.11/turn              h - ring of protection from magic {MR+, !d}
MPRegen  0.11/turn              (no ring)

@: agile
A: unfitting armour, cold-blooded, AC +5
a: no special abilities


You were on level 3 of the Dungeon.
You were not hungry.

You visited 1 branch of the dungeon, and saw 3 of its levels.

You collected 149 gold pieces.

Inventory:

Hand Weapons
 d - a +0 short sword (weapon)
   (You took it off a kobold on level 2 of the Dungeon)
Armour
 k - a +0 cloak (worn)
   (You found it on level 1 of the Dungeon)
Jewellery
 h - a ring of protection from magic (left hand) {MR+, !d}
   (You found it on level 2 of the Dungeon)
Scrolls
 b - a scroll of remove curse
 f - a scroll of noise {unknown}
 g - 2 scrolls of identify
 j - a scroll of fog {unknown}
 m - a scroll of enchant armour {unknown}
Potions
 e - 2 potions of berserk rage {unknown}
 i - 2 potions of curing
Comestibles
 a - 5 rations


   Skills:
 - Level 1.7 Dodging
 - Level 1.7 Stealth
 + Level 3.4 Spellcasting
 + Level 5.1 Conjurations


You had 3 spell levels left.
You knew the following spells:

 Your Spells              Type           Power        Failure   Level  Hunger
a - Magic Dart            Conj           ###.         1%          1    None
b - Searing Ray           Conj           ###...       3%          2    ##.....
c - Dazzling Spray        Conj/Hex       ##....       17%         3    ###....


Dungeon Overview and Level Annotations

Branches:
Dungeon (3/15)

Altars:

Annotations:
D:3 galech's ghost, amateur TrMo


Innate Abilities, Weirdness & Mutations

Your plain brown scales are hard. (AC +5)
You cannot fit into any form of body armour.
You are cold-blooded and may be slowed by cold attacks.


Message History

The jackal barks! x2; You hear a bark!
The jackal barks!
The jackal bites you.
You take 2 damage, and have 31/33 hp.
You closely miss the jackal. The jackal bites you.
The jackal barely misses you.
You hit the jackal.
The jackal bites you but does no damage.
The jackal barely misses you.
You hit the jackal.
You kill the jackal!
The jackal barely misses you.
The jackal bites you but does no damage.
The jackal closely misses you.
You hit the jackal.
The jackal bites you but does no damage.
The jackal barely misses you. The jackal closely misses you.
You hit the jackal.
You kill the jackal!
The jackal barely misses you.
You closely miss the jackal.
Your tail-slap misses the jackal.
The jackal bites you.
A jackal comes into view.
The jackal barks!
The jackal bites you.
You take 4 damage, and have 27/33 hp.
You closely miss the jackal. The jackal closely misses you.
You hit the jackal. The jackal bites you.
The jackal bites you but does no damage.
The jackal closely misses you.
You take 1 damage, and have 26/33 hp.
You barely miss the jackal.
You kill the jackal!
The jackal completely misses you.
You hit the jackal but do no damage.
Your tail-slap misses the jackal.
The jackal bites you but does no damage.
The jackal closely misses you.
You hit the jackal.
The jackal bites you but does no damage.
You closely miss the jackal. The jackal closely misses you. x2
You closely miss the jackal. The jackal barely misses you.
You closely miss the jackal.
The jackal bites you but does no damage.
The jackal bites you.
You take 1 damage, and have 26/33 hp.
You closely miss the jackal.
The jackal bites you but does no damage.
You closely miss the jackal.
The jackal bites you but does no damage. x2
You miss the jackal. The jackal closely misses you. The jackal misses you.
You closely miss the jackal. The jackal closely misses you.
You hit the jackal.
Your tail-slap misses the jackal.
The jackal misses you. The jackal barely misses you.
You closely miss the jackal. The jackal bites you.
You take 1 damage, and have 26/33 hp.
You hit the jackal.
You kill the jackal!
No target in view!
No target in view!
No target in view!
No target in view!
No target in view!
No target in view!
You now have 149 gold pieces (gained 6).
You see here a jackal corpse.
You see here a jackal corpse.
a - 5 rations (gained 1) Galech's ghost (amateur Troll Monk) comes into view.
Found a stone staircase leading down.
You regained 2 hp, and now have 28/33 hp.
Galech's ghost is nearby!
It was a potion of agility.
You feel agile all of a sudden.
Here: galech's ghost (hasn't noticed you)
The floor.
Unknown command.
Aim: galech's ghost (hasn't noticed you)
The magic dart hits galech's ghost.
Galech's ghost turns its malevolent gaze towards you.
You hear a shout!
You now have 8/9 mp.
Aim: galech's ghost (lightly damaged)
The searing ray hits galech's ghost. (Press . to maintain the ray.)
You now have 6/9 mp.
The searing ray hits galech's ghost.
You now have 5/9 mp.
The searing ray hits galech's ghost.
A kobold comes into view.
You now have 4/9 mp.
The searing ray hits galech's ghost.
You finish channeling your searing ray.
Galech's ghost hits you!
Ouch! That really hurt!
You take 17 damage, and have 12/33 hp.
MASSIVE DAMAGE!!
You now have 3/9 mp.
As you read the scroll labeled XAGIMO ULANT, it crumbles to dust.
It is a scroll of identify.
i - 2 potions of curing Galech's ghost hits you!
You die...

## .. ####?# ##
..#.# . #.#.#.#
..######.#.#.####
..'K..W@.......>.
..#######..#.##.
..........#.#
..######.##.#
#### #.##(# ....
#####..#.#..####
.................
.######..##..##..
..#..........


You could see galech's ghost and a kobold.

Vanquished Creatures
  2 adders (D:2)
  2 oozes (D:1)
  4 leopard geckos (D:1)
  4 orcs (D:2)
  13 giant cockroaches
  7 goblins
  2 hobgoblins (D:2)
  4 jackals (D:3)
  A quokka (D:2)
  11 bats
  2 frilled lizards
  4 kobolds
  6 rats
62 creatures vanquished.

Notes
Turn   | Place    | Note
-------+----------+-------------------------------------------
     0 | D:1      | mhoghedin the Draconian Conjurer began the quest for the Orb.
     0 | D:1      | Reached XP level 1. HP: 14/14 MP: 3/3
   177 | D:2      | Reached XP level 2. HP: 18/20 MP: 0/5
   233 | D:2      | Learned a level 2 spell: Searing Ray
   470 | D:2      | Reached XP level 3. HP: 18/26 MP: 0/7
   491 | D:2      | HP: 4/26 [orc (3)]
  1159 | D:2      | Reached skill level 3 in Spellcasting
  1525 | D:1      | Reached XP level 4. HP: 32/33 MP: 8/8
  1994 | D:1      | Reached skill level 5 in Conjurations
  2082 | D:1      | Learned a level 3 spell: Dazzling Spray
  2275 | D:3      | Noticed galech's ghost (amateur TrMo)
  2284 | D:3      | Slain by galech's ghost

Vault maps used:
D:1:      minmay_arrival_nine_rooms, kennysheep_boxes
D:2:      minmay_roachtagon
D:3:      nemelex_xobeh_ov_fountains_minmay, first_ration, minmay_checkerbox

Skill      XL: |  1  2  3  4 |
---------------+-------------+-----
Spellcasting   | 3 |  3.4
Conjurations   | 5 |  5.1
Dodging        | |  1.7
Stealth        | |  1.7

Action                   |  1- 3 |  4- 6 || total
-------------------------+-------+-------++-------
Melee: Unarmed           |    16 |       ||    16
       Tailslap          |     8 |     2 ||    10
       Short sword       |    90 |    59 ||   149
 Cast: Magic Dart        |    19 |     9 ||    28
       Searing Ray       |     7 |     4 ||    11
  Use: Scroll            |     1 |     1 ||     2
       Potion            |     1 |     1 ||     2
 Stab: Sleeping          |     4 |     2 ||     6
       Invisible         |     3 |       ||     3
  Eat: Chunk             |     3 |     2 ||     5
Armor: Skin              |    75 |    39 ||   114
Dodge: Dodged            |   129 |    72 ||   201

Table legend:
 A = Spawn XP
 B = Non-spawn XP
 C = Spawn XP percentage of total XP
 D = Spawn monster count
 E = Non-spawn monster count
 F = Spawn count percentage of total count
 G = Total turns spent on level
                    A         B        C        D         E        F      G
               +---------+---------+-------+---------+---------+-------+---------
         Total |       0 |     150 |   0.0 |       0 |      62 |   0.0 |  2284
               +---------+---------+-------+---------+---------+-------+---------
           D:1 |       0 |      60 |   0.0 |       0 |      27 |   0.0 |  1063
           D:2 |       0 |      81 |   0.0 |       0 |      30 |   0.0 |  1137
           D:3 |       0 |       9 |   0.0 |       0 |       5 |   0.0 |    84
               +---------+---------+-------+---------+---------+-------+---------

Vault maps used:
D:1:      minmay_arrival_nine_rooms, kennysheep_boxes
D:2:      minmay_roachtagon
D:3:      nemelex_xobeh_ov_fountains_minmay, first_ration, minmay_checkerbox

Table legend:
 A = Turns spent in this place as a percentage of turns spent in the entire game.
 B = Non-inter-level travel turns spent in this place as a percentage of non-inter-level travel turns spent in the entire game.
 C = Inter-level travel turns spent in this place as a percentage of turns spent in this place.
 D = Turns resting spent in this place as a percentage of non-inter-level travel turns spent in this place.
 E = Turns spent auto-exploring this place as a percentage of non-inter-level travel turns spent in this place.
 F = Non-inter-level travel turns spent in this place divided by the number of levels of this place that you've seen.
                   A       B       C       D       E      F
               +-------+-------+-------+-------+-------+----------------------
         Total | 100.0 | 100.0 |   2.6 |  30.1 |  46.0 | 741.7
       Dungeon | 100.0 | 100.0 |   2.6 |  30.1 |  46.0 | 741.7
               +-------+-------+-------+-------+-------+----------------------

Table legend:
 A = Kills in this place as a percentage of kills in entire the game.
 B = Kills by you in this place as a percentage of kills by you in the entire game.
 C = Kills by friends in this place as a percentage of kills by friends in the entire game.
 D = Other kills in this place as a percentage of other kills in the entire game.
 E = Experience gained in this place as a percentage of experience gained in the entire game.
 F = Experience gained in this place divided by the number of levels of this place that you have seen.
                   A       B       C       D       E      F
               +-------+-------+-------+-------+-------+----------------------
         Total | 100.0 | 100.0 |   N/A |   N/A | 100.0 |  50.0
       Dungeon | 100.0 | 100.0 |   N/A |   N/A | 100.0 |  50.0
               +-------+-------+-------+-------+-------+----------------------
